 Dungeon Crawl Stone Soup version 0.26-a0-649-gf8c6c3aab7 (webtiles) character file.

Game seed: 8522524306092442740

1219 Drevant2 the Cleaver (level 8, 0/58 HPs)
             Began as a Demonspawn Abyssal Knight on Sept 27, 2020.
             Was a Believer of Lugonu.
             Slain by a bullfrog (1 damage)
             ... on level 7 of the Dungeon.
             The game lasted 00:21:18 (10302 turns).

Drevant2 the Cleaver (Demonspawn Abyssal Knight)   Turns: 10302, Time: 00:21:19

Health: 0/58       AC: 11    Str: 15    XL:     8   Next: 23%
Magic:  9/11       EV: 14    Int: 13    God:    Lugonu [**....]
Gold:   205        SH:  0    Dex: 13    Spells: 7/7 levels left

rFire    . . .     SeeInvis .   n - +0 war axe
rCold    + . .     Faith    .   (no shield)
rNeg     . . .     Spirit   .   b - +2 chain mail {rC+}
rPois    .         Reflect  .   l - +1 hat
rElec    .         Harm     .   (no cloak)
rCorr    .         Rampage  .   (no gloves)
MR       .....                  (no boots)
Stlth    ..........             (no amulet)
HPRegen  0.19/turn              e - ring of stealth
MPRegen  0.12/turn              (no ring)

@: agile, about to teleport, studying Throwing
A: hooves 1, powered by death 1, powered by pain 1, sturdy frame 2
a: Depart the Abyss, Bend Space, Renounce Religion


You were on level 7 of the Dungeon.
You worshipped Lugonu.
Lugonu was pleased with you.
You visited 1 branch of the dungeon, and saw 8 of its levels.
You visited the Abyss 1 time.

You collected 445 gold pieces.
You spent 240 gold pieces at shops.

Inventory:

Hand Weapons
 a - a +1 hand axe
 n - a +0 war axe (weapon)
Armour
 b - a +2 chain mail of cold resistance (worn)
 l - a +1 hat (worn)
 q - a +2 ring mail of fire resistance
Jewellery
 e - a ring of stealth (left hand)
Scrolls
 d - 3 scrolls of remove curse
 g - 2 scrolls of amnesia {unknown}
 h - a scroll of enchant armour {unknown}
 j - a scroll of enchant weapon {unknown}
 k - 2 scrolls of fog
 p - a scroll of fear {unknown}
 s - 3 scrolls of torment {unknown}
Potions
 o - a potion of brilliance
Books
 r - a manual of Throwing


   Skills:
 - Level 3.4 Fighting
 * Level 8.5 Axes
 - Level 1.9 Armour
 - Level 0.9 Dodging
 - Level 5.0 Invocations


You had 7 spell levels left.
You didn't know any spells.
Your spell library contained the following spells:

 Spells                   Type           Power        Failure   Level
 Animate Skeleton         Necr           #.....       85%         1
 Pain                     Necr           #...         85%         1
 Confusing Touch          Hex            #.......     99%         3
 Gell's Gravitas          Tloc           #.........   99%         3
 Vampiric Draining        Necr           #.........   99%         3
 Animate Dead             Necr           #.........   100%        4
 Petrify                  Tmut/Erth      #.......     100%        4
 Agony                    Necr           #.......     100%        5
 Metabolic Englaciation   Hex/Ice        #.........   100%        5
 Yara's Violent Unravell  Hex/Tmut       #.........   100%        5


Dungeon Overview and Level Annotations

Branches:
Dungeon (8/15)
 Temple: D:4-7         Lair: D:8-11

Altars:
Ashenzari
Dithmenos
Fedhas
Hepliaklqana
Makhleb
Okawaru
Qazlal
Xom
The Shining One

Shops:
D:7 [


Innate Abilities, Weirdness & Mutations

You have large cloven feet.
You regenerate a little health from kills.
You sometimes gain a little power by taking damage.
Your movements are less encumbered by armour. (ER -4)


Message History

You feel strangely unstable.
An orc warrior is nearby!
Your surroundings suddenly seem different.
A bullfrog comes into view.
The bullfrog croaks.
The gnoll shouts!
Okay, then.
Space bends around you!
You blink.
Space bends around you!
You blink.
A wight comes into view. It is wielding a +4 battleaxe.
Okay, then.
None of your equipped items are cursed.
Unknown command.
As you read the scroll of teleportation, it crumbles to dust.
You feel strangely unstable.
The gnoll shouts!
Unknown command.
Okay, then.
Okay, then.
The bullfrog hits you.
You die...

#... . #... #.#...
#.....### .........
#.....# .
##.....#####...
+.....@..gz....
####.#F..###.....
#.'...###(.... ###
##+#...'.'..... .#8
#...g..###..... ...
#......# #... ...
#......# #...###...
#......# #...§§....
#...###########§####'


You could see a bullfrog, a wight and 2 gnolls.

Vanquished Creatures
  2 ice beasts
  A black bear (D:4)
  A centaur (D:5)
  A bullfrog (D:7)
  A gnoll sergeant (D:7)
  A howler monkey (D:5)
  A centaur skeleton (D:5)
  A jelly (D:5)
  3 orc priests
  Jessica (D:2)
  Natasha (thrice) (D:2)
  4 orc wizards
  2 worker ants (D:4)
  A hound zombie (D:5)
  A worker ant zombie (D:5)
  A gnoll (D:1)
  11 adders
  A shadow imp (D:5)
  A white imp (D:7)
  An ufetubus (D:5)
  An ooze (D:4)
  An adder zombie (D:6)
  An adder skeleton (D:4)
  3 worms
  4 dart slugs
  6 leopard geckos
  19 orcs
  9 giant cockroaches
  10 goblins
  7 hobgoblins
  9 kobolds
  A quokka (D:6)
  7 bats
  5 frilled lizards
  A leopard gecko skeleton (D:5)
  13 rats
136 creatures vanquished.

Vanquished Creatures (others)
  9 fungi (D:7)
  5 toadstools (D:7)
14 creatures vanquished.

Grand Total: 150 creatures vanquished

Notes
Turn   | Place    | Note
-------+----------+-------------------------------------------
     0 | Abyss:1  | Drevant2 the Demonspawn Abyssal Knight began the quest for
                  | the Orb.
     0 | Abyss:1  | Reached XP level 1. HP: 18/18 MP: 2/2
    33 | Abyss:1  | Noticed a smoke demon
    34 | D:1      | Escaped the Abyss
   240 | D:1      | Reached * piety under Lugonu
   315 | D:1      | Reached skill level 2 in Axes
   315 | D:1      | Gained mutation: You sometimes gain a little power by
                  | taking damage. [demonic ancestry]
   315 | D:1      | Reached XP level 2. HP: 10/24 MP: 3/3
  1053 | D:1      | Gained mutation: Your movements are slightly less
                  | encumbered by armour. (ER -2) [demonic ancestry]
  1053 | D:1      | Reached XP level 3. HP: 17/29 MP: 5/5
  1992 | D:2      | Noticed Natasha
  2014 | D:2      | Noticed Jessica
  2027 | D:2      | Killed Jessica
  2027 | D:2      | Reached skill level 3 in Axes
  2027 | D:2      | Gained mutation: You have large cloven feet. [demonic
                  | ancestry]
  2027 | D:2      | Reached XP level 4. HP: 25/35 MP: 6/6
  2583 | D:2      | Found a hazy altar of Hepliaklqana.
  2587 | D:2      | Found an iron altar of Okawaru.
  2587 | D:2      | Found a shimmering altar of Xom.
  2587 | D:2      | Found a stormy altar of Qazlal.
  2674 | D:2      | Reached XP level 5. HP: 25/41 MP: 6/8
  2980 | D:2      | Killed Natasha
  3101 | D:2      | Noticed Natasha
  3116 | D:2      | Killed Natasha
  3116 | D:2      | Reached skill level 4 in Axes
  3404 | D:2      | Noticed Natasha
  3416 | D:2      | Killed Natasha
  4363 | D:3      | Reached ** piety under Lugonu
  4892 | D:3      | Gained mutation: You regenerate a little health from kills.
                  | [demonic ancestry]
  4892 | D:3      | Reached XP level 6. HP: 34/47 MP: 9/9
  4927 | D:3      | Reached skill level 5 in Invocations
  5489 | D:4      | Reached skill level 5 in Axes
  6432 | D:4      | Got a heavy robe
  6437 | D:4      | Identified the +2 robe of Skepticism {rElec Regen+ rCorr
                  | Str-3} (You found it on level 4 of the Dungeon)
  6458 | D:5      | Entered Level 5 of the Dungeon
  6603 | D:5      | Reached skill level 6 in Axes
  6603 | D:5      | Reached XP level 7. HP: 36/52 MP: 10/10
  6948 | D:5      | Found a broken altar of Ashenzari.
  7156 | D:5      | Found a burning altar of Makhleb.
  7351 | D:5      | Found a shadowy altar of Dithmenos.
  7395 | D:5      | Reached skill level 7 in Axes
  7458 | D:5      | Found a blossoming altar of Fedhas.
  7459 | D:5      | Found a glowing golden altar of the Shining One.
  9118 | D:7      | Reached skill level 8 in Axes
  9118 | D:7      | Gained mutation: Your movements are less encumbered by
                  | armour. (ER -4) [demonic ancestry]
  9118 | D:7      | Reached XP level 8. HP: 29/58 MP: 11/11
  9956 | D:7      | Found Halol's Antique Armour Emporium.
  9962 | D:7      | Bought a shiny chain mail for 240 gold pieces
 10302 | D:7      | Slain by a bullfrog

Illustrated notes

Levels and vault maps discovered:
D:1:      mainiacjoe_arrival_reflecting_pool, layout_loops_corners,
          corexii_item_surrounded_by_moat
D:2:      layout_rooms, chequers_temple_overflow_statue_of_worship,
          minmay_worlds_worst_comb, uniq_jessica, uniq_natasha
D:3:      layout_basic, minmay_misc_feat_secret_circle
D:4:      layout_rooms
D:5:      layout_loops_ring, kennysheep_mini, makhleb_grotto_becter,
          lemuel_doored_altar, gammafunk_temple_overflow_statue,
          chequers_hall_statues_corner_a, bloody_makhleb
D:6:      layout_basic, minmay_manual_mail
D:7:      layout_basic, minmay_temple_entry_steel_oval, serial_shops,
          kennysheep_little_box, biasface_ghost_orc_armoury,
          minmay_gold_behind_fungi
D:8:      layout_rooms, uniq_pikel, uniq_erica

Skill      XL: |  1  2  3  4  5  6  7 |
---------------+----------------------+-----
Axes           | 2 3 4 6 8 |  8.5
Invocations    | 3 4 5 |  5.0
Fighting       | |  3.4
Armour         | |  1.9
Dodging        | |  0.9

Action                   |  1- 3 |  4- 6 |  7- 9 || total
-------------------------+-------+-------+-------++-------
Melee: Hand axe          |    87 |   281 |    55 ||   423
       Kick              |       |    66 |    51 ||   117
       War axe           |       |       |   109 ||   109
Invok: Depart the Abyss  |     1 |       |       ||     1
       Bend Space        |       |       |     5 ||     5
  Use: Potion            |     1 |     2 |     3 ||     6
       Scroll            |       |     2 |     8 ||    10
 Stab: Sleeping          |     1 |       |     1 ||     2
Armor: Leather armour    |    12 |    37 |       ||    49
       Scale mail        |       |    54 |    41 ||    95
       Ring mail         |       |       |    16 ||    16
       Plate armour      |       |       |    12 ||    12
       Chain mail        |       |       |     2 ||     2
Dodge: Dodged            |    45 |   145 |    98 ||   288

Table legend: (Time is in decaauts)
 A = Elapsed time spent in this place.
 B = Non-inter-level travel time spent in this place.
 C = Inter-level travel time spent in this place.
 D = Time resting spent in this place.
 E = Time spent auto-exploring this place.
 F = Levels seen in this place.
 G = Mean time per level.
                   A        B        C        D        E       F      G
               +--------+--------+--------+--------+--------+-----+--------+
         Total |  10382 |   9092 |   1290 |   4122 |   3467 |   9 | 1153.6 |
       Dungeon |  10348 |   9058 |   1290 |   4122 |   3467 |   8 | 1293.5 |
         Abyss |     34 |     34 |      0 |      0 |      0 |   1 |   34.0 |
               +--------+--------+--------+--------+--------+-----+--------+

Top non-repeatable levels by time:
     D:1: 1896 daAuts
     D:2: 1807 daAuts
     D:3: 1740 daAuts
     D:4: 1411 daAuts
     D:6: 1199 daAuts
     D:7: 1181 daAuts
     D:5: 1110 daAuts
 Abyss:1: 34 daAuts
     D:8: 1 daAuts
